General information
- name: BNet
- type: Ladder team game (AT/RT)
- host: Battle.net
- saver: GayTiMe.WeRRa
map: Goldshire
- players: 4
- length: 18:04
- speed: Fast
- version: 1.24 W3XP
- replay type: Public
» download(128 KB)
Players
team 1 (loser)
Gly (
purple | 122 APM | 2190 actions | 18:00)
3 Blademaster
1 Wind Walk
2 Critical Strike
2 Shadow Hunter
1 Healing Wave
1 Hex
» actions
| Assign group hotkey | 51 | |
| Basic commands | 246 | |
| Build / train | 66 | |
| Enter build submenu | 17 | |
| Enter hero's abilities submenu | 5 | |
| Give item / drop item | 3 | |
| Right click | 671 | |
| Select / deselect | 402 | |
| Select group hotkey | 615 | |
| Use ability | 114 | |
2190 total
» units
| Peon | 9 | |
| Grunt | 12 | |
| Raider | 4 | |
| Spirit Walker | 3 | |
28 total
» upgrades
| Berserker Strength | 1 | |
| Ensnare | 1 | |
| Spirit Walker Training | 1 | |
3 total
» buildings
| Altar of Storms | 1 | |
| Orc Burrow | 6 | |
| Barracks | 1 | |
| Voodoo Lounge | 1 | |
| Stronghold | 3 | |
| War Mill | 1 | |
| Beastiary | 1 | |
| Watch Tower | 1 | |
| Spirit Lodge | 1 | |
16 total
» build order
00:17 Altar of Storms
00:31 Orc Burrow
00:47 Barracks
01:43 Orc Burrow
02:03 Voodoo Lounge
02:57 Stronghold
02:57 Stronghold
02:57 Stronghold
03:48 War Mill
04:02 Orc Burrow
05:23 Orc Burrow
05:25 Orc Burrow
05:44 Beastiary
07:05 Watch Tower
09:23 Spirit Lodge
12:38 Orc Burrow
» items
| Healing Salve | 5 | |
| Lesser Clarity Potion | 6 | |
| Potion of Healing | 6 | |
| Scroll of Town Portal | 2 | |
| Potion of Mana | 2 | |
| Scroll of Speed | 1 | |
22 total
Sabana (
green | 108 APM | 1949 actions | 18:03)
3 Demon Hunter
2 Mana Burn
1 Evasion
3 Naga Sea Witch
1 Frost Arrows
2 Forked Lightning
» actions
| Assign group hotkey | 48 | |
| Basic commands | 74 | |
| Build / train | 63 | |
| Enter build submenu | 13 | |
| Enter hero's abilities submenu | 6 | |
| Give item / drop item | 3 | |
| Right click | 950 | |
| Select / deselect | 367 | |
| Select group hotkey | 320 | |
| Use ability | 105 | |
1949 total
» units
» upgrades
| Ultravision | 1 | |
| Abolish Magic | 1 | |
| Strength of the Wild | 2 | |
4 total
» buildings
| Altar of Elders | 1 | |
| Moon Well | 7 | |
| Ancient of War | 1 | |
| Hunter's Hall | 1 | |
| Tree of Ages | 3 | |
| Ancient of Wonders | 1 | |
| Ancient of Lore | 2 | |
16 total
» build order
00:05 Altar of Elders
00:20 Moon Well
01:49 Ancient of War
01:52 Hunter's Hall
02:09 Moon Well
03:06 Tree of Ages
03:06 Tree of Ages
04:01 Moon Well
04:11 Ancient of Wonders
05:29 Ancient of Lore
05:30 Ancient of Lore
07:04 Moon Well
09:35 Moon Well
10:07 Moon Well
10:09 Moon Well
» items
| Staff of Preservation | 2 | |
| Potion of Healing | 3 | |
| Lesser Clarity Potion | 2 | |
7 total
team 2 (winner)
CoLeGePaRtYeR17 (
yellow | 109 APM | 1972 actions | 18:03)
2 Mountain King
1 Storm Bolt
1 Bash
2 Paladin
1 Holy Light
1 Divine Shield
» actions
| Assign group hotkey | 58 | |
| Basic commands | 124 | |
| Build / train | 69 | |
| ESC pressed | 1 | |
| Enter build submenu | 16 | |
| Enter hero's abilities submenu | 4 | |
| Right click | 1048 | |
| Select / deselect | 394 | |
| Select group hotkey | 185 | |
| Use ability | 73 | |
1972 total
» units
| Peasant | 7 | |
| Footman | 31 | |
| Priest | 10 | |
48 total
» upgrades
| Defend | 1 | |
| Lumber Harvesting | 1 | |
| Plating | 2 | |
4 total
» buildings
| Altar of Kings | 1 | |
| Farm | 6 | |
| Barracks | 2 | |
| Arcane Vault | 2 | |
| Scout Tower | 2 | |
| Keep | 1 | |
| Arcane Tower | 1 | |
| Lumber Mill | 1 | |
| Blacksmith | 1 | |
| Arcane Sanctum | 1 | |
18 total
» build order
00:05 Altar of Kings
00:29 Farm
00:35 Barracks
01:14 Barracks
01:30 Farm
01:47 Farm
02:02 Arcane Vault
02:54 Scout Tower
04:08 Scout Tower
04:14 Arcane Vault
05:01 Keep
05:02 Arcane Tower
05:20 Farm
05:21 Farm
05:23 Lumber Mill
07:21 Blacksmith
08:12 Farm
09:21 Arcane Sanctum
» items
| Scroll of Regeneration | 3 | |
| Lesser Clarity Potion | 4 | |
| Potion of Mana | 1 | |
| Healing Salve | 1 | |
9 total
GayTiMe.WeRRa (
red | 125 APM | 2253 actions | 18:04)
5 Tauren Chieftain
3 War Stomp
2 Endurance Aura
3 Shadow Hunter
2 Hex
1 Healing Wave
2 Naga Sea Witch
1 Frost Arrows
1 Forked Lightning
» actions
| Assign group hotkey | 26 | |
| Basic commands | 173 | |
| Build / train | 73 | |
| ESC pressed | 1 | |
| Enter build submenu | 12 | |
| Enter hero's abilities submenu | 10 | |
| Right click | 1030 | |
| Select / deselect | 491 | |
| Select group hotkey | 369 | |
| Use ability | 68 | |
2253 total
» units
| Peon | 17 | |
| Troll Headhunter/Berserker | 14 | |
| Wind Rider | 5 | |
36 total
» upgrades
| Ranged Weapons | 2 | |
| Armor | 2 | |
| Berserker Upgrade | 1 | |
| Envenomed Spears | 1 | |
| Pulverize | 1 | |
7 total
» buildings
| Altar of Storms | 1 | |
| Orc Burrow | 5 | |
| War Mill | 1 | |
| Barracks | 1 | |
| Voodoo Lounge | 1 | |
| Stronghold | 1 | |
| Fortress | 1 | |
| Beastiary | 1 | |
| Tauren Totem | 1 | |
13 total
» build order
00:05 Altar of Storms
00:08 Orc Burrow
00:27 War Mill
01:09 Barracks
02:00 Orc Burrow
02:27 Voodoo Lounge
04:17 Stronghold
05:04 Orc Burrow
06:08 Orc Burrow
06:41 Fortress
09:43 Beastiary
12:09 Orc Burrow
15:13 Tauren Totem
» items
| Healing Salve | 3 | |
| Lesser Clarity Potion | 7 | |
| Scroll of Town Portal | 2 | |
| Tiny Great Hall | 1 | |
| Potion of Mana | 2 | |
15 total
Chat log
(01:31 / Allies) GayTiMe.WeRRa: subliminal
(01:34 / Allies) GayTiMe.WeRRa: tkaes l4d2 seriously
(01:38 / Allies) GayTiMe.WeRRa: even though he thinks its a joke
(01:39 / Allies) CoLeGePaRtYeR17: you told me this
(01:44 / All) GayTiMe.WeRRa: e
(01:45 / Allies) GayTiMe.WeRRa: explain that
(01:51 / Allies) CoLeGePaRtYeR17: its called a hypocrite
(17:29 / All) GayTiMe.WeRRa: Quit
(17:58 / All) Gly: gg